 Dungeon Crawl Stone Soup version 0.31.0-9-g3a7656b989 (webtiles) character file.

Game seed: 17104095574486741977

167006 Kenran the Spry (level 17, -9/184 HPs)
             Began as an Oni Shapeshifter on Feb 3, 2024.
             Was the Champion of Cheibriados.
             Mangled by a nagaraja
             ... wielding a +0 halberd
              (28 damage)
             ... on level 4 of the Snake Pit.
             The game lasted 01:06:57 (26929 turns).

Kenran the Spry (Oni Shapeshifter)                 Turns: 26929, Time: 01:06:58

Health: -9/184     AC:  1    Str: 39    XL:     17   Next: 91%
Magic:  23/26      EV: 28    Int: 32    God:    Cheibriados [******]
Gold:   2275       SH: 16    Dex: 41    Spells: 22/24 levels left

rFire   . .          .
                       - Unarmed
rCold   + . .        G - +0 kite shield {rN+}
rNeg    + + +        R - melded +0 troll leather armour
rPois   x            Q - +3 crown of Dyrovepreva {rElec Int+2 SInv}
rElec   +            m - +0 cloak of the Unicorn {Int+4 Dex+6}
rCorr   .            (gloves unavailable)
SInv    +            (boots unavailable)
Will    +....        J - amulet "Paenn" {*Corrode rN++ Regen+ SInv}
Stlth   ++++         v - ring of protection from cold
HPRegen 1.30/turn    o - +6 ring of dexterity
MPRegen 0.20/turn

%: corrode self (3%)
@: lethally poisoned (-9 -> -18), maw-form, untranslocatable, poison vulnerable,
corroded, constricted, very slow
A: devouring maw, large, unfitting armour, horns 1, tough skin 1, double potion
healing, drunken brawling, hooves 1, thin skeletal structure 1
a: Begin Untransformation, Renounce Religion, Bend Time, Temporal Distortion,
Slouch, Step From Time


You were on level 4 of the Snake Pit.
You worshipped Cheibriados.
Cheibriados was exalted by your worship.
You were a creature with a mouth for a stomach.
You visited 4 branches of the dungeon, and saw 25 of its levels.
You also visited: Ossuary and Ice Cave.

You collected 2430 gold pieces.
You spent 155 gold pieces at shops.

Inventory:

Armour
 m - the +0 cloak of the Unicorn (worn) {Int+4 Dex+6}
   (You found it on level 2 of the Dungeon)

   Int+4:     It affects your intelligence (+4).
   Dex+6:     It affects your dexterity (+6).
 G - a +0 kite shield of positive energy (worn)
 Q - the +3 crown of Dyrovepreva (worn) {rElec Int+2 SInv}
   (You acquired it on level 2 of the Snake Pit)

   Int+2:     It affects your intelligence (+2).
   rElec:     It insulates you from electricity.
   SInv:      It lets you see invisible.
 R - a +0 troll leather armour (melded)
Jewellery
 o - a +6 ring of dexterity (right hand)
 v - a ring of protection from cold (left hand)
 E - an amulet of faith {!P}
 J - the amulet "Paenn" (around neck) {*Corrode rN++ Regen+ SInv}
   (You took it off an orc wizard on level 11 of the Dungeon)

   [amulet of regeneration]

   rN++:      It greatly protects you from negative energy.
   SInv:      It lets you see invisible.
   Regen+:    It increases your rate of health regeneration.
   *Corrode:  It may corrode you when you take damage.
 K - a ring of fire
Talismans
 c - a beast talisman
 d - a flux talisman
 N - a maw talisman (active)
Wands
 b - a wand of polymorph (3)
 e - a wand of flame (43)
 h - a wand of digging (8)
 r - a wand of paralysis (11)
 C - a wand of quicksilver (3)
 M - a wand of iceblast (10)
 O - a wand of mindburst (15)
Scrolls
 p - 4 scrolls of silence
 q - 5 scrolls of enchant armour
 s - 4 scrolls of revelation
 t - 2 scrolls of amnesia
 u - 4 scrolls of identify {@r1}
 F - 2 scrolls of fog
 P - 3 scrolls of teleportation
Potions
 a - a potion of heal wounds {@q2}
 f - 3 potions of brilliance
 g - 2 potions of invisibility
 i - 3 potions of berserk rage {!q}
 j - 3 potions of haste
 l - 3 potions of might
 n - 3 potions of enlightenment
 w - 3 potions of attraction {!q}
 x - 3 potions of curing {@q1}
 z - 2 potions of mutation {!q}
 A - 6 potions of magic
 B - 2 potions of cancellation
 D - 2 potions of lignification {!q}
Miscellaneous
 L - a phial of floods


   Skills:
 - Level 15.0 Fighting
 + Level 15.3 Dodging
 - Level 7.3 Shields
 - Level 15.0 Unarmed Combat
 - Level 4.0 Spellcasting
 - Level 4.0 Translocations
 - Level 12.0 Invocations
 - Level 5.0 Evocations
 - Level 12.0 Shapeshifting


You had 22 spell levels left.
You knew the following spells:

 Your Spells              Type           Power      Damage    Failure   Level
a - Lesser Beckoning      Tloc           64%        N/A       2%          2

Your spell library contained the following spells:

 Spells                   Type           Power      Damage    Failure   Level
 Gell's Gravitas          Tloc           32%        N/A       4%          3
 Teleport Other           Tloc           32%        N/A       4%          3
 Kiss of Death            Conj/Necr      24%        2d7       9%          1
 Shock                    Conj/Air       24%        1d4       9%          1
 Volatile Blastmotes      Fire/Tloc      38%        2d13      11%         3
 Cigotuvi's Dreadful Rot  Necr/Alch/Air  12%        N/A       13%         2
 Ensorcelled Hibernation  Hex/Ice        12%        N/A       13%         2
 Jinxbite                 Hex            12%        N/A       13%         2
 Mercury Vapours          Alch/Air       12%        N/A       13%         2
 Manifold Assault         Tloc           32%        N/A       16%         4
 Passage of Golubria      Tloc           32%        N/A       16%         4
 Call Canine Familiar     Summ           6%         N/A       26%         3
 Confusing Touch          Hex            6%         N/A       26%         3
 Dazzling Flash           Conj/Hex       12%        N/A       26%         3
 Frozen Ramparts          Ice            12%        1d2       26%         3
 Fugue of the Fallen      Necr           6%         N/A       26%         3
 Hailstorm                Conj/Ice       6%         3d5       26%         3
 Inner Flame              Hex/Fire       6%         N/A       26%         3
 Mephitic Cloud           Conj/Alch/Air  6%         N/A       26%         3
 Ozocubu's Armour         Ice            6%         N/A       26%         3
 Sigil of Binding         Hex            6%         N/A       26%         3
 Summon Ice Beast         Ice/Summ       6%         N/A       26%         3
 Swiftness                Air            6%         N/A       26%         3
 Tukima's Dance           Hex            6%         N/A       26%         3
 Dimensional Bullseye     Hex/Tloc       9%         N/A       36%         4
 Vhi's Electric Charge    Tloc/Air       38%        N/A       36%         4
 Airstrike                Air            3%         2d(1-17)  63%         4
 Anguish                  Hex/Necr       3%         N/A       63%         4
 Animate Armour           Summ/Erth      12%        N/A       63%         4
 Cause Fear               Hex            3%         N/A       63%         4
 Dispel Undead            Necr           6%         3d8       63%         4
 Flame Wave               Conj/Fire      6%         2d5       63%         4
 Ignite Poison            Fire/Alch      6%         N/A       63%         4
 Leda's Liquefaction      Alch/Erth      3%         N/A       63%         4
 Petrify                  Alch/Erth      6%         N/A       63%         4
 Sticky Flame             Fire/Alch      6%         2d4       63%         4
 Summon Blazeheart Golem  Fire/Summ      6%         N/A       63%         4
 Summon Lightning Spire   Summ/Air       6%         N/A       63%         4
 Alistair's Intoxication  Alch           4%         N/A       93%         5
 Arcjolt                  Conj/Air       3%         1d13      93%         5
 Borgnjor's Vile Clutch   Necr/Erth      3%         N/A       93%         5
 Fireball                 Conj/Fire      3%         3d4       93%         5
 Freezing Cloud           Conj/Ice/Air   3%         6-21      93%         5
 Lee's Rapid Deconstruct  Erth           3%         3d5*      93%         5
 Metabolic Englaciation   Hex/Ice        3%         N/A       93%         5
 Silence                  Hex/Air        3%         N/A       93%         5
 Yara's Violent Unravell  Hex/Alch       3%         3d4       93%         5
 Eringya's Noxious Bog    Alch           3%         4d6       100%        6
 Plasma Beam              Fire/Air       3%         2x1d13    100%        6
 Sculpt Simulacrum        Ice/Alch       3%         N/A       100%        6
 Starburst                Conj/Fire      3%         6d3       100%        6
 Enfeeble                 Hex            3%         N/A       100%        7
 Orb of Destruction       Conj           3%         9d5       100%        7
 Spellforged Servitor     Conj/Summ      3%         N/A       100%        7
 Lehudib's Crystal Spear  Conj/Erth      3%         10d2      100%        8
 Maxwell's Capacitive Co  Air            3%         ∞         100%        8
 Chain Lightning          Conj/Air       3%         3d4       100%        9
 Dragon's Call            Summ           3%         N/A       100%        9
 Fire Storm               Conj/Fire      3%         8d1       100%        9
 Shatter                  Erth           3%         3d7*      100%        9


Dungeon Overview and Level Annotations

Branches:
Dungeon (15/15)            Temple (1/1) D:7            Lair (5/5) D:8
 Shoals (0/4) Lair:3        Snake (4/4) Lair:2        Slime (0/5) Lair:5
    Orc (0/2) D:11         Vaults (0/5) D:14         Depths (0/4) D:15
Ossuary (visited)           IceCv (visited)

Altars:
Ashenzari
Cheibriados
Dithmenos
Elyvilon
Fedhas
Gozag
Hepliaklqana
Kikubaaqudgha
Makhleb
Nemelex Xobeh
Okawaru
Qazlal
Ru
Sif Muna
Trog
Uskayaw
Vehumet
Wu Jian
Xom
Yredelemnul
Zin
The Shining One
Jiyva

Shops:
D:2 ?   D:15 [

Portals:
Abyss: Snake:3

Annotations:
D:3 exclusion: downstairs
D:4 2 runed translucent doors, Prykner's ghost, amateur MfGl
D:6 3 runed translucent doors, temujin's ghost, novice DjSh
Lair:5 exclusion: obsidian statue
Snake:1 1 transporter
Snake:3 2 transporters, Razfen's ghost, adept GnWn
Snake:4 exclusion: door


Innate Abilities, Weirdness & Mutations

You are a creature with a mouth for a stomach.
Your midsection houses a second, enormous mouth.
You are too large for most types of armour.
You have a pair of small horns on your head.
You have tough skin. (AC +1)
You gain doubled healing and magic from potions.
Whenever you drink a healing potion, you attack all around you.
You have large cloven feet.
You have a somewhat thin skeletal structure. (Dex +2, Stealth+)


Message History

The nagaraja completely misses you. You block the nagaraja's attack.
A naga ritualist comes into view. It is wielding a +0 flail.
The nagaraja hits you with a +0 halberd!!
* * * LOW HITPOINT WARNING * * *
You block the nagaraja's attack.
You take a swig of the potion and flex your muscles.
You hit the nagaraja but do no damage. Your kick misses the nagaraja.
You headbutt the nagaraja, but do no damage.
You bite the nagaraja, but do no damage.
You savour every drop.
You feel much better.
The nagaraja hits you with a +0 halberd!!
* * * LOW HITPOINT WARNING * * *
You block the nagaraja's attack.
A black mamba comes into view.
The black mamba hisses angrily.
You hit the nagaraja. You headbutt the nagaraja. You bite the nagaraja!
The nagaraja is moderately wounded.
The nagaraja spits poison at you. The splash of poison hits you!!
You are poisoned.
* * * LOW HITPOINT WARNING * * *
The naga ritualist calls down the wrath of its god upon you.
You feel yourself grow more vulnerable to poison.
You hit the nagaraja. You kick the nagaraja. You headbutt the nagaraja.
You bite the nagaraja.
The nagaraja is moderately wounded.
You feel very sick. The nagaraja closely misses you.
You block the nagaraja's attack. The naga ritualist spits poison at you.
The splash of poison misses you.
A salamander comes into view. It is wielding a +0 trident.
You closely miss the nagaraja.
The nagaraja is moderately wounded.
You feel very sick. You block the nagaraja's attack. The nagaraja grabs you.
The nagaraja constricts you.
* * * LOW HITPOINT WARNING * * *
Your corrosive artefact corrodes you!
The nagaraja hits you with a +0 halberd!!
You die...

...# #.........N..#
...#######..).###..S.^####
............###
###)..#.... ............#
##N)........ ###
...........##
#.)..........##..
...........#
##.S.............)
...........#
#................#
....####...#
##.N............# ...##
#...# #.W......###### ...#
#...# ##.......# #..#
##..# ##......### #..#
#..####.........### #..#
#.................## ####
...#
#..................###...
...#
#........................
..##
#........................
..#
#....####.....###.......#


You could see a nagaraja (fast), a naga ritualist (catching breath), a mana
viper (wandering) and a black mamba.

Vanquished Creatures
  Vashnia (Snake:3)
  4 nagarajas
  2 very ugly things
  An ironbound thunderhulk (D:14)
  5 dire elephants (Lair:5)
  An ettin (D:11)
  A quicksilver dragon zombie (D:15)
  Josephine (D:15)
  2 vault guards (D:14)
  2 ogre magi
  A caustic shrike simulacrum (IceCv)
  10 hydras
  Erica (Lair:2)
  3 centaur warriors
  8 boulder beetles
  4 death yaks
  8 anacondas
  10 two-headed ogres
  10 naga warriors
  A catoblepas (Lair:4)
  A tengu warrior (D:14)
  Urug (Lair:4)
  A storm dragon zombie (D:15)
  11 naga sharpshooters
  8 shock serpents
  Sonja (D:11)
  2 spectral death yaks (Lair:5)
  A salamander mystic (Snake:4)
  Nergalle (Lair:2)
  Amaemon (Lair:1)
  2 skysharks
  2 skeletal warriors (D:15)
  A spectral anaconda (Lair:5)
  9 mana vipers
  Lodul (D:9)
  A flayed ghost (D:15)
  An arcanist (D:13)
  An orange crystal statue (IceCv)
  A deep elf archer (D:15)
  5 naga ritualists
  An orc knight (D:11)
  5 deep elf pyromancers
  Pikel (D:4)
  20 ugly things
  5 necromancers
  2 manticores
  11 cyclopes
  7 salamanders
  17 elephants
  A torpor snail (Lair:1)
  28 black mambas
  A guardian serpent (Snake:3)
  7 naga magi
  A black mamba (shapeshifter) (D:15)
  6 gargoyles
  An orange demon (Lair:2)
  3 centaur skeletons (D:13)
  13 cane toads
  2 kobold demonologists (D:13)
  2 unseen horrors
  6 rime drakes
  14 komodo dragons
  A tengu conjurer (D:14)
  4 anaconda simulacra (IceCv)
  2 freezing wraiths
  2 golden dragon simulacra (IceCv)
  3 hornets
  4 trolls
  4 polar bears
  2 alligator simulacra (IceCv)
  A wolf spider simulacrum (D:15)
  A spectral meliai (D:13)
  21 blink frogs
  A snapping turtle (Lair:3)
  15 dream sheep
  A spriggan zombie (D:15)
  A slime creature (D:11)
  Sigmund (D:5)
  A centaur simulacrum (D:15)
  A yak (shapeshifter) (D:11)
  2 shadows
  9 wraiths
  A vampire (D:12)
  2 water elementals
  9 wyverns
  3 fire bats (Lair:3)
  60 yaks
  2 humans (D:14)
  6 basilisks
  3 steam dragons
  7 vampire mosquitoes
  2 death yak simulacra (Lair:5)
  2 spectral cane toads (Lair:5)
  18 nagas
  A hydra simulacrum (IceCv)
  4 harpy simulacra (IceCv)
  2 acid dragons
  17 water moccasins
  A sky beast (D:7)
  4 orc warriors
  A laughing skull (D:11)
  An ettin simulacrum (IceCv)
  12 wolves
  10 ogres
  6 centaurs
  A lemure (D:3)
  3 elephant skeletons (Lair:5)
  A phantom (D:5)
  9 kobold brigands
  11 bullfrogs
  2 elf zombies (Ossuary)
  A gnoll sergeant (D:9)
  2 cane toad simulacra (Lair:5)
  2 scorpions (D:4)
  5 wights (D:9)
  3 elephant simulacra (Lair:5)
  A lindwurm simulacrum (IceCv)
  10 killer bees
  3 howler monkeys
  6 electric eels
  3 bombardier beetles
  3 lava snakes (Lair:2)
  4 human zombies (Ossuary)
  A centaur zombie (Ossuary)
  7 jellies
  2 gnoll boudas
  2 hounds
  2 orc priests
  3 sleepcaps
  Jessica (D:3)
  3 iguanas
  7 orc wizards
  A boggart skeleton (D:13)
  3 hound zombies (Ossuary)
  2 mummies (Ossuary)
  8 adders
  12 gnolls
  A shadow imp (D:6)
  2 ufetubi (D:6)
  7 adder zombies (Ossuary)
  3 dart slugs
  3 ribbon worms
  20 orcs
  6 endoplasms
  8 giant cockroaches
  2 goblins (D:1)
  9 hobgoblins
  4 jackals (D:1)
  3 quokkas
  4 ball pythons
  2 bats
  3 frilled lizards
  4 gnoll zombies (Ossuary)
  5 jackal zombies (Ossuary)
  20 kobolds
  4 kobold zombies (Ossuary)
  7 orc zombies (Ossuary)
  3 rats
  A butterfly (Lair:3)
778 creatures vanquished.

Vanquished Creatures (others)
  An ogre mage (D:11)
  A black mamba (Snake:4)
  A kobold (D:7)
  A butterfly (Lair:3)
4 creatures vanquished.

Grand Total: 782 creatures vanquished

Notes
Turn   | Place    | Note
-------+----------+-------------------------------------------
     0 | D:1      | Kenran the Oni Shapeshifter began the quest for the Orb.
     0 | D:1      | Reached XP level 1. HP: 19/19 MP: 1/1
   140 | D:1      | Reached XP level 2. HP: 27/27 MP: 2/2
   735 | D:2      | Reached XP level 3. HP: 29/33 MP: 3/3
   767 | D:2      | Found a shimmering blue altar of Sif Muna.
   805 | D:2      | Found Ychyamoss's Magic Scroll Boutique.
   893 | D:2      | Identified the +0 cloak of the Unicorn {Int+4 Dex+6}
   968 | D:2      | Reached XP level 4. HP: 41/41 MP: 4/4
  1357 | D:3      | Noticed Jessica
  1361 | D:3      | Killed Jessica
  1362 | D:3      | Reached skill level 5 in Unarmed Combat
  1362 | D:3      | Reached XP level 5. HP: 48/48 MP: 5/5
  1676 | D:3      | Found a faded altar of an unknown god.
  1696 | D:3      | Found a broken altar of Ashenzari.
  1884 | D:3      | Identified the +7 chain mail of Hygeerai {*Corrode rC+
                  | Str+3 Dex+5}
  2003 | D:3      | Found a bloodstained altar of Trog.
  2005 | D:3      | Found a radiant altar of Vehumet.
  2096 | D:4      | Found a shadowy altar of Dithmenos.
  2097 | D:4      | Found a runed translucent door.
  2122 | D:4      | Noticed Pikel
  2122 | D:4      | Noticed a lemure
  2122 | D:4      | Noticed a lemure
  2122 | D:4      | Noticed a lemure
  2122 | D:4      | Noticed a lemure
  2145 | D:3      | Killed a lemure
  2257 | D:4      | Noticed an ogre
  2500 | D:3      | Reached XP level 6. HP: 54/57 MP: 6/6
  2663 | D:4      | Found a runed translucent door.
  2668 | D:4      | Noticed Prykner's ghost (amateur MfGl)
  2691 | D:5      | Entered Level 5 of the Dungeon
  2691 | D:5      | Noticed Sigmund
  2821 | D:4      | Killed Pikel
  2822 | D:4      | Reached XP level 7. HP: 63/67 MP: 7/7
  2827 | D:4      | Reached XP level 8. HP: 75/75 MP: 8/8
  3082 | D:5      | Killed Sigmund
  3325 | D:5      | Found a sand-covered staircase.
  3332 | Ossuary  | Entered an ossuary
  3553 | Ossuary  | Gained mutation: You have large cloven feet. [potion of
                  | mutation]
  3553 | Ossuary  | Gained mutation: You have a somewhat thin skeletal
                  | structure. (Dex +2, Stealth+) [potion of mutation]
  3570 | Ossuary  | Reached skill level 10 in Unarmed Combat
  3691 | Ossuary  | Reached skill level 5 in Fighting
  3691 | Ossuary  | Reached XP level 9. HP: 76/88 MP: 9/9
  4509 | D:6      | Found a runed translucent gate.
  4513 | D:6      | Found a runed translucent gate.
  4514 | D:6      | Found a runed translucent gate.
  4514 | D:6      | Noticed temujin's ghost (novice DjSh)
  4869 | D:7      | Found a staircase to the Ecumenical Temple.
  5108 | Temple   | Found a transporter.
  5108 | Temple   | Found a transporter.
  5108 | Temple   | Found a transporter.
  5108 | Temple   | Found a transporter.
  5108 | Temple   | Entered the Ecumenical Temple
  5123 | Temple   | Became a worshipper of Cheibriados the Contemplative
  5266 | D:7      | Reached skill level 5 in Shapeshifting
  5662 | D:8      | Noticed a hornet
  5812 | D:8      | Reached * piety under Cheibriados
  5970 | D:8      | You fall into a shaft and drop 3 floors!
  5975 | D:10     | Entered Level 10 of the Dungeon
  5997 | D:10     | Found an ancient bone altar of Kikubaaqudgha.
  6112 | D:9      | Reached skill level 5 in Dodging
  6112 | D:9      | Reached XP level 10. HP: 93/98 MP: 10/10
  6256 | D:9      | Reached ** piety under Cheibriados
  6257 | D:9      | Reached skill level 1 in Invocations
  6671 | D:9      | Reached skill level 1 in Evocations
  6907 | D:8      | Found a staircase to the Lair.
  6995 | D:8      | Reached *** piety under Cheibriados
  7464 | D:8      | Paralysed by a hornet for 2 turns
  7467 | D:8      | Reached XP level 11. HP: 40/113 MP: 14/14
  7753 | D:10     | Paralysed by a hornet for 3 turns
  7821 | D:10     | Noticed Lodul
  8082 | Lair:1   | Entered Level 1 of the Lair of Beasts
  8287 | D:2      | Bought a scroll of identify for 20 gold pieces
  8287 | D:2      | Bought a scroll of identify for 20 gold pieces
  8287 | D:2      | Bought a scroll of fear for 40 gold pieces
  8287 | D:2      | Bought a scroll of blinking for 75 gold pieces
  9236 | D:10     | Learned a level 2 spell: Lesser Beckoning
  9459 | D:10     | Found a hazy altar of Hepliaklqana.
  9460 | D:10     | Found a faded altar of an unknown god.
  9460 | D:10     | Paralysed by a kobold brigand for 3 turns
  9776 | D:9      | Killed Lodul
  9777 | D:9      | Reached skill level 1 in Spellcasting
  9777 | D:9      | Reached skill level 1 in Translocations
  9824 | D:9      | Reached skill level 10 in Fighting
  9853 | D:9      | Reached **** piety under Cheibriados
  9872 | D:10     | Found a burning altar of Makhleb.
  9972 | D:11     | Noticed a purple ugly thing
 10068 | D:11     | Identified the +5 rapier of the Pillar {flame, rN+ Will+
                  | Stlth-}
 10181 | D:11     | Noticed a manticore
 10191 | D:11     | Killed a manticore
 10274 | D:11     | Noticed a two-headed ogre
 10658 | Lair:1   | Reached skill level 5 in Shields
 10658 | Lair:1   | Reached skill level 5 in Invocations
 10743 | Lair:1   | Reached XP level 12. HP: 126/126 MP: 16/16
 11714 | Lair:2   | Noticed Amaemon
 11716 | Lair:2   | Noticed Erica
 11807 | Lair:2   | Noticed Nergalle
 11815 | Lair:2   | Killed Nergalle
 11862 | Lair:2   | Found a staircase to the Snake Pit.
 11877 | Lair:1   | Killed Amaemon
 12019 | Lair:2   | Noticed a seven-headed hydra
 12035 | Lair:2   | Killed a seven-headed hydra
 12144 | Lair:2   | Killed Erica
 12712 | Lair:2   | You fall into a shaft and drop 1 floor!
 12902 | Lair:3   | Reached XP level 13. HP: 133/133 MP: 19/19
 13014 | Lair:3   | Reached ***** piety under Cheibriados
 13205 | Lair:3   | Reached skill level 10 in Invocations
 13352 | Lair:3   | Found a staircase to the Shoals.
 14376 | Lair:4   | Noticed Urug
 14391 | Lair:4   | Killed Urug
 15132 | Lair:5   | Entered Level 5 of the Lair of Beasts
 15223 | Lair:5   | Reached ****** piety under Cheibriados
 15284 | Lair:5   | Reached XP level 14. HP: 149/149 MP: 21/21
 15325 | Lair:5   | Reached skill level 10 in Dodging
 15553 | Lair:5   | Found a viscous altar of Jiyva.
 15554 | Lair:5   | Found a staircase to the Slime Pits.
 15618 | Lair:5   | Noticed a dire elephant
 15618 | Lair:5   | Noticed a dire elephant
 15619 | Lair:5   | Noticed a dire elephant
 16023 | Lair:5   | Noticed a dire elephant
 16049 | Lair:5   | Killed a dire elephant
 16248 | Lair:5   | Killed a dire elephant
 16263 | Lair:5   | Killed a dire elephant
 16349 | Lair:5   | Killed a dire elephant
 16419 | Lair:5   | Noticed a dire elephant
 16431 | Lair:5   | Killed a dire elephant
 16526 | Lair:5   | Reached XP level 15. HP: 154/159 MP: 23/23
 17234 | D:11     | Found a staircase to the Orcish Mines.
 17269 | D:11     | Noticed Sonja
 17273 | D:11     | Killed Sonja
 17436 | D:11     | Reached skill level 5 in Evocations
 17577 | D:11     | Identified the +1 robe "Caamauc" {Int+3 Dex+4}
 17582 | D:11     | Identified the amulet "Paenn" {*Corrode rN++ Regen+ SInv}
 17674 | D:11     | Identified the +5 war axe of Grand Valour {venom, Dex+4}
 17767 | D:11     | Identified the +5 ring mail "Tuvvyeph" {+Inv rElec Str-4
                  | Int+8}
 18025 | D:11     | Reached skill level 15 in Fighting
 18318 | D:11     | Identified the +8 lajatang "Uhoimotu" {freeze, *Rage rPois
                  | rN+ Str+5}
 20161 | D:13     | Reached skill level 15 in Unarmed Combat
 20772 | D:14     | Reached XP level 16. HP: 176/176 MP: 25/25
 21143 | D:14     | Found a gate to the Vaults.
 21319 | D:15     | Entered Level 15 of the Dungeon
 21425 | D:15     | Found a basalt altar of Yredelemnul.
 21465 | D:15     | Reached skill level 10 in Shapeshifting
 21542 | D:15     | Found a staircase to the Depths.
 21580 | D:15     | Found Jacwih's Antique Armour Shop.
 21822 | D:15     | Noticed Josephine
 21832 | D:15     | Killed Josephine
 22284 | Snake:1  | Entered Level 1 of the Snake Pit
 22370 | Snake:1  | Found a glacial archway.
 22379 | IceCv    | Entered an ice cave
 22952 | Snake:1  | Noticed a nagaraja
 22955 | Snake:1  | Noticed a nagaraja
 23010 | Snake:1  | Found a transporter.
 23019 | Snake:1  | Found a shimmering blue altar of Sif Muna.
 23021 | Snake:1  | Noticed a nagaraja
 23545 | Snake:1  | Noticed a nagaraja
 23923 | Snake:2  | Reached XP level 17. HP: 124/184 MP: 22/26
 24705 | Snake:2  | Identified a scroll of acquirement
 24707 | Snake:2  | Acquired the +3 crown of Dyrovepreva {rElec Int+2 SInv}
 24707 | Snake:2  | Found the +3 crown of Dyrovepreva {rElec Int+2 SInv}
 24925 | Snake:3  | Noticed Vashnia
 24948 | Snake:3  | Killed Vashnia
 25337 | Snake:3  | Found a transporter.
 25367 | Snake:3  | Found a transporter.
 26105 | Snake:3  | Noticed Razfen's ghost (adept GnWn)
 26107 | Snake:3  | Found a one-way gate to the infinite horrors of the Abyss.
 26157 | Snake:4  | Entered Level 4 of the Snake Pit
 26876 | Snake:4  | Reached skill level 15 in Dodging
 26929 | Snake:4  | Mangled by a nagaraja

Illustrated notes

Levels and vault maps discovered:
D:1:      minmay_arrival_shattered_statue, layout_loops_ring
D:2:      layout_basic, serial_shops, nicolae_shop_rolled_up, basic_altar
D:3:      layout_loops_ring, nicolae_ashenzari_skybound,
          nicolae_overflow_hidden_temple, hellmonk_ecumenical_altar_lost_god,
          minmay_misc_feat_room, uniq_jessica
D:4:      layout_cave_pools, mainiacjoe_overflow_tiny_flanked,
          ebering_ghost_sewer_f, serial_park_tiny_pond,
          dreamdust_mushroom_princess, serial_park_tiny_1,
          minmay_misc_feat_rugged, uniq_pikel
D:5:      layout_loops_ring, chequers_ossuary_entry_cave, grunt_ministairs_9,
          nrook_loot_triangle, feat_on_display, uniq_sigmund
D:6:      layout_rooms, gammafunk_ghost_nasty_kobolds
D:7:      layout_loops_ring, temple_pool_b
D:8:      layout_loops_ring, minmay_lair_entry_grove,
          nicolae_straight_to_the_point
D:9:      layout_loops_ring
D:10:     layout_roguey, kiku_gazebo_garden_becter,
          beargit_hepliaklqana_dungeon_heroes, lightli_temple_of_fire,
          minivault_16, uniq_lodul
D:11:     minmay_the_grid_square_5x5_5x5_mashed
          [minmay_the_grid_square_5x5_inner_z,
          minmay_the_grid_square_5x5_longway,
          minmay_the_grid_square_5x5_checkered_statues,
          minmay_the_grid_square_5x5_eight_small,
          minmay_the_grid_square_5x5_two, minmay_the_grid_square_5x5_percent,
          minmay_the_grid_square_5x5_prize_pseudospiral,
          minmay_the_grid_square_5x5_comb,
          minmay_the_grid_square_5x5_prize_snowflake,
          minmay_the_grid_square_5x5_gyroscope,
          minmay_the_grid_square_5x5_doubleslash,
          minmay_the_grid_square_5x5_shuriken,
          minmay_the_grid_square_5x5_prize_junk,
          minmay_the_grid_square_5x5_almost_minimal,
          minmay_the_grid_square_5x5_half_checkered,
          minmay_the_grid_square_5x5_checkered,
          minmay_the_grid_square_5x5_prize_monsterx,
          minmay_the_grid_square_5x5_bite,
          minmay_the_grid_square_5x5_prize_waves,
          minmay_the_grid_square_5x5_one_wall,
          minmay_the_grid_square_5x5_bracketed,
          minmay_the_grid_square_5x5_spiral_small,
          minmay_the_grid_square_5x5_seven,
          minmay_the_grid_square_5x5_minivault,
          minmay_the_grid_square_5x5_spiral], layout_long_grid, serial_glass,
          glass_columns_c, glass_columns_c, uniq_sonja
D:12:     layout_stronghold
D:13:     layout_basic, hangedman_weighted_door
D:14:     layout_loops_ring, hellmonk_vaults_keyhole, nicolae_the_louvre
D:15:     gammafunk_depths_entry_grave, layout_basic, amethyst_killhole,
          serial_shops, shop, yredelemnul_altar_generic, uniq_josephine
Temple:   hellmonk_temple_divided_pantheon
Lair:1:   layout_regular_city, serial_rivers, chequers_serial_rivers_room_a,
          chequers_serial_rivers_micro_c, chequers_serial_rivers_micro_a,
          chequers_serial_rivers_micro_d
Lair:2:   layout_layer_cave, nicolae_snake_entry_warm_welcome,
          serial_bayou_ford_a, serial_bayou_shore_b, uniq_nergalle,
          uniq_amaemon, uniq_erica
Lair:3:   layout_regular_city, minmay_shoals_entry_hut,
          nicolae_volcano_entry_batcave, dreamdust_gnoll_shepherd,
          grunt_megastairs_2, lemuel_fruit_fields
Lair:4:   nzn_winding_woodlands_three_and_one
          [nzn_winding_woodlands_5x15_zeroes,
          nzn_winding_woodlands_5x15_pockets,
          nzn_winding_woodlands_5x15_split_checker,
          nzn_winding_woodlands_center_diamonds], layout_layer_cave,
          chequers_serial_rivers_micro_a, uniq_urug
Lair:5:   due_jungle_book, layout_cave_pods, nicolae_slime_entry_slimehenge
Snake:1:  gammafunk_sealed_library, layout_onion_interference,
          portal_ice_cave_entry_ugly_swarm
Snake:2:  layout_grid_shapes, special_room
Snake:3:  layout_chambers, gammafunk_ghost_abyssal_escape, grunt_megastairs_5,
          uniq_vashnia
Snake:4:  snake_pit, layout_onion, grunt_megastairs_1

Skill      XL: |  1  2  3  4  5  6  7  8  9 10 11 12 13 14 15 16 17 |
---------------+----------------------------------------------------+-----
Unarmed Combat | 3 4 5 6 8 10 11 12 14 15 | 15.0
Fighting       | 3 5 6 8 10 12 13 15 | 15.0
Dodging        | 5 8 9 12 15 | 15.3
Shapeshifting  | 6 7 12 | 12.0
Invocations    | 4 5 8 10 11 12 | 12.0
Evocations     | 3 4 5 |  5.0
Spellcasting   | 2 4 |  4.0
Translocations | 2 4 |  4.0
Shields        | 5 7 |  7.3

Action                     |  1- 3 |  4- 6 |  7- 9 | 10-12 | 13-15 | 16-18 || total
---------------------------+-------+-------+-------+-------+-------+-------++-------
  Melee: Unarmed           |   100 |   120 |   309 |   424 |   826 |   603 ||  2382
         Headbutt          |    14 |    20 |    65 |    91 |   247 |   190 ||   627
         Punch             |     3 |     3 |    21 |     4 |       |       ||    31
         Kick              |       |       |    65 |   147 |   375 |   261 ||   848
         Maw               |       |       |       |       |       |   165 ||   165
   Cast: Lesser Beckoning  |       |       |       |       |     6 |    30 ||    36
 Invoke: Bend Time         |       |       |       |     7 |     8 |     8 ||    23
         Slouch            |       |       |       |       |     5 |     4 ||     9
         Step From Time    |       |       |       |       |       |     1 ||     1
  Evoke: Wand              |       |     1 |     5 |    19 |    11 |     1 ||    37
    Use: Potion            |     1 |     2 |     3 |    10 |     3 |    16 ||    35
         Scroll            |       |     1 |     5 |     9 |    12 |     4 ||    31
   Stab: Sleeping          |       |       |     3 |     2 |    14 |    10 ||    29
         Distracted        |       |       |       |     1 |       |     3 ||     4
         Paralysed         |       |       |       |     1 |       |       ||     1
 Armour: Animal skin       |    46 |    49 |     2 |       |       |       ||    97
         Skin              |    12 |    16 |     4 |    37 |     4 |   178 ||   251
         Robe              |       |       |   218 |   264 |       |       ||   482
         Steam dragon scal |       |       |       |    21 |   305 |       ||   326
         Troll leather arm |       |       |       |       |    50 |    80 ||   130
  Dodge: Dodged            |    46 |    32 |   114 |   202 |   407 |   424 ||  1225
  Block: Kite shield       |       |       |       |   134 |   415 |   512 ||  1061
   Form: Maw               |       |       |       |       |       |     3 ||     3
                           |       |       |       |       |       |     2 ||     2
